 Dungeon Crawl Stone Soup version 0.21-a0-143-g1ab7d47 (webtiles) character file.

234 sscrono2 the Cutter (level 6, -2/39 HPs)
             Began as an Octopode Assassin on July 25, 2017.
             Was an Initiate of Okawaru.
             Slain by a worker ant (6 damage)
             ... on level 4 of the Dungeon.
             The game lasted 00:03:36 (2767 turns).

sscrono2 the Cutter (Octopode Assassin)             Turns: 2767, Time: 00:03:38

Health: -2/39      AC:  1    Str: 12    XL:     6   Next: 5%
Magic:  15/15      EV: 13    Int: 14    God:    Okawaru [......]
Gold:   145        SH:  0    Dex: 13    Spells: 5/5 levels left

rFire    . . .     SeeInvis .   a - +2 dagger (venom)
rCold    . . .     Gourm    .   (no shield)
rNeg     . . .     Faith    .   (helmet restricted)
rPois    .         Spirit   .   (no amulet)
rElec    .         Reflect  .   h - ring of magical power
rCorr    .         Harm     .   (no ring)
MR       .....                  (no ring)
Stlth    ++++......             (no ring)
HPRegen  0.13/turn              (no ring)
MPRegen  0.14/turn              (no ring)
                                (no ring)
                                (no ring)

@: lethally poisoned (-2 -> -26), hasted, very quick
A: almost no armour, stealthy swim, amphibious, 8 rings, constrict 8, camouflage
1, gelatinous body 1
a: Renounce Religion


You were on level 4 of the Dungeon.
You worshipped Okawaru.
Okawaru was noncommittal.
You were not hungry.

You visited 1 branch of the dungeon, and saw 4 of its levels.

You collected 145 gold pieces.

Inventory:

Hand Weapons
 a - a +2 dagger of venom (weapon)
 b - a +0 blowgun
Missiles
 c - 8 poisoned needles
 d - 5 curare-tipped needles
 j - a throwing net (quivered)
Magical Staves
 n - an uncursed staff of poison
Jewellery
 h - a ring of magical power (left tentacle)
Scrolls
 e - a scroll of blinking {unknown}
 i - a scroll of enchant armour {unknown}
 k - 3 scrolls of identify {unknown}
 m - a scroll of teleportation {unknown}
 o - 2 scrolls of magic mapping {unknown}
 q - 2 scrolls of remove curse {unknown}
 r - a scroll of fear {unknown}
Comestibles
 f - 2 bread rations
 g - a chunk of flesh


   Skills:
 - Level 2.0 Fighting
 + Level 6.1 Short Blades
 - Level 2.0 Throwing
 - Level 1.0 Dodging
 - Level 5.3 Stealth


You had 5 spell levels left.
You didn't know any spells.

Dungeon Overview and Level Annotations

Branches:
Dungeon (4/15)
 Temple: D:4-7

Altars:
Fedhas
Okawaru
Qazlal

Shops:
D:4 [


Innate Abilities, Weirdness & Mutations

You cannot wear most types of armour.
You are very stealthy in the water. (Stealth+)
You are amphibious.
You can wear up to eight rings at the same time.
You can use your tentacles to constrict eight enemies at once.
Your skin changes colour to match your surroundings (Stealth+).
Your rubbery body absorbs attacks. (AC +1, EV +1)


Message History

You release your grip on the scorpion.
* * * LOW HITPOINT WARNING * * *
You feel sick.
Okay, then.
* * * LOW HITPOINT WARNING * * *
You feel sick.
You kill the scorpion!
Okawaru accepts your kill.
Your Short Blades skill increases to level 6!
You have reached level 6!
Your experience leads to an increase in your attributes!
Increase (S)trength, (I)ntelligence, or (D)exterity?
You feel stronger.
You hit the worker ant but do no damage.
The worker ant is poisoned.
Your grab misses the worker ant. You squeeze the worker ant.
The worker ant is moderately wounded.
* * * LOW HITPOINT WARNING * * *
You feel sick. The worker ant bites you.
You die...

#. # #. .##
###.#. ..# ##
.$.#.##.##.#
###.#.#.....#
.#........#..###.
.................
#. #..a@...#
#...#.......#
#.........###
....####...# .#.
#...# .. #∩..# .
#...# .#
#...##### ..
#........


You could see a worker ant.

Vanquished Creatures
  A scorpion (D:4)
  Natasha (D:3)
  Ijyb (D:3)
  3 gnolls (D:3)
  3 adders
  An ooze (D:1)
  A worm (D:2)
  2 leopard geckos
  11 bats
  4 giant cockroaches
  7 goblins
  5 hobgoblins
  8 jackals
  8 kobolds
  A quokka (D:3)
  A frilled lizard (D:2)
  4 rats
62 creatures vanquished.

Vanquished Creatures (others)
  A hobgoblin (D:3)
1 creature vanquished.

Grand Total: 63 creatures vanquished

Notes
Turn   | Place    | Note
-------+----------+-------------------------------------------
     0 | D:1      | sscrono2 the Octopode Assassin began the quest for the Orb.
     0 | D:1      | Reached XP level 1. HP: 14/14 MP: 1/1
   112 | D:1      | Reached XP level 2. HP: 11/19 MP: 2/2
   349 | D:1      | Reached skill level 3 in Short Blades
   452 | D:1      | Reached XP level 3. HP: 23/24 MP: 3/3
  1307 | D:2      | Reached skill level 4 in Short Blades
  1483 | D:3      | Reached XP level 4. HP: 29/29 MP: 4/4
  2007 | D:3      | Found a blossoming altar of Fedhas.
  2223 | D:3      | Found a stormy altar of Qazlal.
  2287 | D:3      | Reached skill level 5 in Short Blades
  2438 | D:3      | Reached XP level 5. HP: 34/34 MP: 5/5
  2486 | D:3      | Noticed Ijyb
  2489 | D:3      | Killed Ijyb
  2502 | D:3      | Found an iron altar of Okawaru.
  2579 | D:3      | Noticed Natasha
  2582 | D:3      | Killed Natasha
  2700 | D:3      | Became a worshipper of Warmaster Okawaru
  2743 | D:4      | Found Kausomi's Armour Shoppe.
  2766 | D:4      | Reached skill level 6 in Short Blades
  2766 | D:4      | Reached XP level 6. HP: 5/39 MP: 6/6
  2767 | D:4      | Slain by a worker ant

Vault maps used:
D:1:      minmay_arrival_checkered_box
D:2:      st_stairs_7, hex_tiny
D:3:      okawaru_gym_becter, nicolae_overflow_crystal_walls,
          nicolae_qazlal_eye_of_the_storm, uniq_ijyb, uniq_natasha
D:4:      lemuel_round_altar, amethyst_overflow_temple_binary,
          nicolae_tso_carved_into_rock, serial_shops, shop, shop,
          grunt_decor_fettered

Skill      XL: |  1  2  3  4  5 |
---------------+----------------+-----
Short Blades   | 3 4 5 6 |  6.1
Fighting       | |  2.0
Throwing       | |  2.0
Dodging        | |  1.0
Stealth        | |  5.3

Action                   |  1- 3 |  4- 6 || total
-------------------------+-------+-------++-------
Melee: Dagger            |    60 |    55 ||   115
       Constrict         |    14 |    10 ||    24
       Tentacles         |    12 |     3 ||    15
 Fire: Blowgun           |       |     1 ||     1
  Use: Potion            |       |     5 ||     5
 Stab: Sleeping          |    14 |     8 ||    22
  Eat: Chunk             |     2 |     4 ||     6
Armor: Skin              |     4 |     9 ||    13
Dodge: Dodged            |    17 |    45 ||    62
